 Dungeon Crawl Stone Soup version 0.18.1-6-gd335043 (webtiles) character file.

62 Kenran the Ruffian (level 4, 0/28 HPs)
             Began as a Gargoyle Monk on May 18, 2016.
             Slain by a gnoll
             ... wielding a +0 whip
              (7 damage)
             ... on level 2 of the Dungeon.
             The game lasted 00:05:02 (1589 turns).

Kenran the Ruffian (Gargoyle Monk)                  Turns: 1589, Time: 00:05:02

Health: 0/28       AC:  5    Str: 14    XL:     4   Next: 8%
Magic:  4/4        EV: 12    Int: 11    God:
Gold:   106        SH:  0    Dex: 13    Spells: 0 memorised, 3 levels left

rFire  . . .     SeeInvis .       - Unarmed
rCold  . . .     Gourm    .     a - +0 robe
rNeg   + . .     Faith    .     (no shield)
rPois  ∞         Spirit   .     (no helmet)
rElec  +         Dismiss  .     (no cloak)
rCorr  .         Reflect  .     (no gloves)
SustAt .         Harm     .     (no boots)
MR     .....                    (no amulet)
Stlth  ++........               (no ring)
                                (no ring)

@: not resistant to hostile enchantments, unstealthy
A: negative energy resistance 1, electricity resistance, unbreathing,
petrification resistance, rot immunity, AC +3
a: no special abilities


You were on level 2 of the Dungeon.
You were not hungry.

You visited 1 branch of the dungeon, and saw 2 of its levels.

You collected 106 gold pieces.

Inventory:

Hand Weapons
 c - a +0 hunting sling
Missiles
 h - 3 needles of sleeping
Armour
 a - a +0 robe (worn)
Jewellery
 j - an uncursed ring of protection from cold {unknown}
Scrolls
 e - a scroll of identify {unknown}
 i - a scroll of fog {unknown}
Potions
 g - a potion of curing {unknown}
 k - a potion of agility {unknown}
Comestibles
 b - a bread ration
 f - a slice of pizza


   Skills:
 - Level 3.2 Fighting
 - Level 2.4 Dodging
 - Level 2.1 Stealth
 + Level 5.5 Unarmed Combat


You had 3 spell levels left.
You didn't know any spells.

Dungeon Overview and Level Annotations

Branches:
Dungeon (2/15)

Altars:
Elyvilon


Innate Abilities, Weirdness & Mutations

You are resistant to torment.
Your stone body is resilient (AC +3).
You are immune to poison.
You resist negative energy.
You are resistant to electric shocks.
You can survive without breathing.
You are immune to petrification.
You are immune to rotting.


Message History

The gnoll hits you but does no damage.
You barely miss the gnoll.
The gnoll is moderately wounded.
The gnoll hits you with a whip.
You barely miss the gnoll.
The gnoll is moderately wounded.
The gnoll closely misses you.
You closely miss the gnoll.
The gnoll is moderately wounded.
The gnoll hits you with a whip!
* * * LOW HITPOINT WARNING * * *
You are too injured to fight recklessly!
You are too injured to fight recklessly!
You barely miss the gnoll.
The gnoll is moderately wounded.
The gnoll closely misses you.
You hit the gnoll.
The gnoll is heavily wounded.
The gnoll hits you with a whip!
You die...

#......... #########
#......... .g......#
#......... g..g..?.#
#......... ........#
###......... #.#
#..)##....##
#.######.##......#
#....>...##.##...#
#.@########.##...#
.......g..# ##.##.(.#
..........# #..##..###
<.........### #.........
#............ #.........
#...###......##.........
#... ###.#.............
#.. #..#....#...####
#....#.#...###.


You could see a gnoll.

Vanquished Creatures
  An adder (D:1)
  2 gnolls (D:2)
  2 dart slugs (D:1)
  2 giant cockroaches (D:1)
  2 goblins (D:1)
  6 hobgoblins
  6 bats
  4 giant newts
  3 kobolds (D:1)
  4 rats
32 creatures vanquished.

Notes
Turn   | Place    | Note
--------------------------------------------------------------
     0 | D:1      | Kenran the Gargoyle Monk began the quest for the Orb.
     0 | D:1      | Reached XP level 1. HP: 14/14 MP: 1/1
   269 | D:1      | Reached XP level 2. HP: 19/19 MP: 2/2
   815 | D:1      | Reached XP level 3. HP: 23/23 MP: 3/3
   992 | D:1      | Reached skill level 5 in Unarmed Combat
   996 | D:2      | Found a white marble altar of Elyvilon.
  1571 | D:2      | Reached XP level 4. HP: 23/28 MP: 4/4
  1589 | D:2      | Slain by a gnoll

Skill      XL: |  1  2  3 |
---------------+----------+-----
Unarmed Combat | 5 |  5.5
Fighting       | |  3.2
Dodging        | |  2.4
Stealth        | |  2.1

Action                   |  1- 3 |  4- 6 || total
-------------------------+-------+-------++-------
Melee: Unarmed           |   103 |     7 ||   110
       Punch             |     1 |       ||     1
 Stab: Sleeping          |     1 |       ||     1
  Eat: Chunk             |     1 |     1 ||     2
Armor: Robe              |    30 |     1 ||    31
Dodge: Dodged            |    53 |     2 ||    55
